[Event "4NCL 2022-2023"]
[Site "Daventry"]
[Date "2023.02.12"]
[Round "6.28"]
[White "Wells, Peter K"]
[Black "Macfarlane, Donald"]
[Result "1/2-1/2"]
[ECO "E16"]
[WhiteElo "2361"]
[BlackElo "2145"]
[Annotator "TA"]
[PlyCount "53"]
[EventDate "2022.10.20"]
[EventType "team-tourn"]
[EventCountry "ENG"]
[SourceTitle "playchess.com"]
[Source "ChessBase"]
[SourceQuality "1"]
[TimeControl "40/6000+30:2400+30"]

1. d4 Nf6 2. c4 e6 3. Nf3 Bb4+ 4. Bd2 c5 5. Bxb4 cxb4 6. g3 b6 7. Bg2 Bb7 8. O-O O-O 9. a3 Qe7 10. Qb3 {[%emt 0:18:34] E16: Queen's Indian: 4 g3 Bb7 5 Bg2 Bb4+.} Nc6 11. Nbd2 Rfc8 12. d5 {[%emt 0:13:49] White has an edge.} Na5 {[%emt 0:18:51][%csl LRb3,LRd5] The position is equal.} 13. Qxb4 (13. Qd3 {is interesting.} Qc5 14. Ng5 exd5 15. cxd5 bxa3 16. Rxa3 Qb4 17. Nde4) 13... Qxb4 {[%emt 0:00:09][%mdl 64] [#] Remove Defender} 14. axb4 Nxc4 15. Nxc4 Rxc4 16. Ne5 Rxb4 17. Nd3 Rb3 18. dxe6 Bxg2 19. exf7+ Kxf7 20. Kxg2 a5 {[%emt 0:00:23] [#] Not much happened in this game.   Weighted Error Value: White=0.08 (flawless) /Black=0.04 (flawless)} {Predecessor:} 21. Rfc1 $146 Ke7 22. Ra4 Ra7 23. g4 h6 24. h4 Rb5 25. Kg3 Kd8 26. Rac4 Ne8 27. Rc8+ {1-0 Bogner,S (2600)-Gurpreet,S (2247) Riga Tech op 7th 2017 (1)} 1/2-1/2

[Event "4NCL 2022-2023"]
[Site "Daventry"]
[Date "2023.02.12"]
[Round "6.29"]
[White "Kett, Tim"]
[Black "Han, Yichen"]
[Result "0-1"]
[ECO "C47"]
[WhiteElo "2130"]
[BlackElo "2399"]
[Annotator "TA"]
[PlyCount "196"]
[EventDate "2022.10.20"]
[EventType "team-tourn"]
[EventCountry "ENG"]
[SourceTitle "playchess.com"]
[Source "ChessBase"]
[SourceQuality "1"]
[TimeControl "40/6000+30:2400+30"]

1. e4 e5 2. Nc3 Nf6 3. g3 d5 4. exd5 Nxd5 5. Bg2 Nxc3 6. bxc3 Nc6 7. Nf3 Be7 8. O-O O-O 9. Re1 Bf6 10. d3 Be6 11. Rb1 Rb8 $1 12. c4 {[%emt 0:00:44] C47: Scotch Four Knights and Four Knights with 4 g3.} Re8 13. Nd2 Qd7 14. Ne4 {[%emt 0:01:55] The position is equal.} Be7 $1 15. Be3 b6 16. Ng5 Bxg5 $1 17. Bxg5 {[%emt 0:03:26] [#]} Nd4 $146 ({Predecessor:} 17... Bf5 18. Rb5 f6 19. Be3 Bg6 20. Qa1 a6 21. Rbb1 Nd4 22. Qb2 c5 23. c3 Ne6 {½-½ Sudakova,I (2358)-Ursic,M (2040) Bosnjaci op (Women) 2006 (8)}) 18. Be3 (18. Rxe5 Bg4 19. Rxe8+ Rxe8 $17) 18... Bg4 19. f3 Bh3 20. Bxh3 Qxh3 21. Bxd4 exd4 22. Re4 Qd7 23. Qd2 c5 24. Rbe1 Rxe4 25. fxe4 $11 {[%emt 0:03:39][%mdl 4096] Endgame KQR-KQR} Qa4 26. Qf4 Rf8 27. Re2 $1 Qxa2 28. Qd6 (28. Qc7 $1 $11 {keeps the balance.}) 28... Qb2 (28... Qa6 $17) 29. e5 (29. Kg2 $11 {remains equal.}) 29... Qa1+ (29... Qc1+ $17 30. Kg2 Qh6 31. Qxh6 gxh6) 30. Kg2 Qa6 {[%emt 0:00:31] Black wants to play ...Qb7+.} (30... Qd1 {feels hotter.} 31. Rf2 Qe1 32. Qc7 a5) 31. Qd5 {[%emt 0:03:26] Dodges Qb7} (31. Qd7 $11) 31... Qc8 $1 $17 32. e6 fxe6 33. Rxe6 Kh8 (33... Qa8 $5 ) 34. Re7 Qa8 (34... a5 $15) 35. Qb7 $11 Rb8 {[%emt 0:02:21][%mdl 64] Pin} 36. Qxa8 {[%emt 0:00:11][%mdl 64] Deflection} Rxa8 {[%emt 0:00:02] KR-KR} 37. Rb7 Kg8 38. Kf3 $1 Kf8 39. Ke4 Re8+ 40. Kd5 Re7 41. Rb8+ Kf7 42. Kc6 Re6+ 43. Kd5 Re8 44. Rb7+ Re7 45. Rb8 Kf6 46. Ra8 Kg5 {[%emt 0:00:00] White must now prevent ...Kg4.} 47. Rf8 (47. Kd6 $15 Rf7 48. Ke6) 47... Kg6 $2 (47... Kg4 $1 $19 {...h6 is the strong threat.} 48. Rf4+ Kh5) 48. Ra8 h5 49. h3 (49. Kc6 $1 $15) 49... Rf7 (49... Kg5 $1 $17 {...h4 would be deadly.} 50. Kd6 Rf7) 50. Ke6 $2 (50. Kc6 $1 $11) 50... Rf6+ $2 (50... Rf3 $1 $19 51. Rxa7 Rxg3) 51. Ke5 Rf7 ({Black should play} 51... Rf3 $1 $15 52. Rxa7 Rxg3) 52. h4 Re7+ 53. Kf4 Kf6 54. Rf8+ ({Better is} 54. Rh8 $11) 54... Rf7 $15 55. Ra8 Kg6+ ({Black should try} 55... a5 $17 56. Rb8 g5+ 57. Ke4 (57. hxg5+ Kg6+ 58. Ke5 Ra7 $17) 57... Re7+ 58. Kd5 Re5+ 59. Kc6 Re6+ 60. Kd7 Re7+ 61. Kd6 Re6+ 62. Kd7 Kf5) 56. Ke4 Rb7 57. Rc8 Re7+ 58. Kf4 $1 Rf7+ 59. Ke4 $1 Rf1 60. Rc6+ Rf6 61. Rc7 Rf7 62. Rc6+ Kh7 63. Rc8 Rf2 64. Rc7 Rxc2 65. Rxa7 Re2+ 66. Kd5 Re3 67. Rb7 Rxd3 68. Rxb6 Rxg3 {[%emt 0:00:07] Hoping for ...Rg4.} 69. Kxc5 Rg4 70. Rd6 $2 {[%emt 0:04:14] White is on the road to losing.} (70. Kd5 $1 $11 {and White is okay.}) 70... Rxh4 $19 71. Kb6 $2 {[%emt 0:00:14] [#]} (71. Rd5 Kh6 72. Kb5) 71... d3 $2 72. c5 $2 (72. Kb5 $1 $11 {and White has nothing to worry.}) 72... Rb4+ 73. Ka5 Rc4 74. Kb6 h4 75. c6 $2 (75. Rxd3 g5 76. Kb5) 75... g5 $1 ({And not} 75... h3 76. Rxd3 g5 77. Rxh3+ Kg6 78. Rh8 $11) 76. Rxd3 {[%emt 0:01:08] [#]} g4 $1 77. c7 {[%emt 0:00:17] [#]} Rxc7 $3 78. Kxc7 {[%emt 0:00:06] KR-KPP} h3 79. Rd7+ Kg6 80. Rd8 h2 81. Rh8 g3 {[%emt 0:00:03] ( -> ...g2)} 82. Rg8+ Kf7 {[%emt 0:00:31] Black mates.} 83. Rxg3 h1=Q {[%emt 0:00:04] KQ-KR} ({Inferior is} 83... h1=R 84. Kd6 $11) 84. Rc3 Qd5 85. Rc6 Ke7 86. Kb6 Kd7 87. Rc5 Qb3+ 88. Rb5 Qe3+ 89. Kb7 Qd4 90. Rh5 Qb2+ 91. Ka7 Qa3+ 92. Kb6 Qe3+ 93. Ka5 Kc6 94. Kb4 Qe4+ 95. Ka5 Qe1+ 96. Ka6 Qa1+ 97. Ra5 Qf1+ 98. Ka7 Qf7+ {[%emt 0:00:04] Weighted Error Value: White=0.24 (precise) /Black=0.26 (precise)} 0-1

[Event "4NCL 2022-2023"]
[Site "Daventry"]
[Date "2023.02.12"]
[Round "6.30"]
[White "Camacho Collados, Jose"]
[Black "Southcott-Moyers, Indy"]
[Result "1-0"]
[ECO "C68"]
[WhiteElo "2406"]
[BlackElo "2077"]
[Annotator "TA"]
[PlyCount "139"]
[EventDate "2022.10.20"]
[EventType "team-tourn"]
[EventCountry "ENG"]
[SourceTitle "playchess.com"]
[Source "ChessBase"]
[SourceQuality "1"]
[TimeControl "40/6000+30:2400+30"]

1. e4 e5 2. Nf3 Nc6 3. Bb5 a6 4. Bxc6 dxc6 5. O-O Bg4 6. h3 h5 7. d3 Qf6 8. Nbd2 Ne7 9. Re1 Ng6 10. d4 Bd6 11. hxg4 hxg4 12. Nh2 Rxh2 13. Qxg4 Qh4 14. Qxh4 Rxh4 15. Nf3 Rh8 {[%emt 0:03:03] C68: Ruy Lopez: Exchange Variation, sidelines.} 16. Be3 O-O-O 17. Rad1 Rhe8 {[%emt 0:03:29] The position is equal.} 18. Bc1 {[%emt 0:12:41] [#]} Rd7 $146 ({Predecessor:} 18... c5 19. dxe5 Bxe5 20. g3 b6 21. Kg2 Kb7 22. Rxd8 Rxd8 23. Ng5 Rd7 24. f4 Bf6 25. Nf3 Nf8 26. e5 Be7 27. f5 Rd5 28. g4 Kc8 29. Kg3 c4 30. Kf4 {½-½ Henson,J-Lou,M CAN-ch U18 Canada 1996}) 19. dxe5 Nxe5 20. Nd4 ({Better is} 20. Nxe5 $11 Bxe5 21. Rxd7 Kxd7 22. g3) 20... Red8 {[%emt 0:12:02] aiming for ...Bf8.} 21. Nf5 $1 g6 22. Nxd6+ Rxd6 23. Rxd6 cxd6 $11 {[%emt 0:00:19][%mdl 4096] Endgame KRB-KRN} 24. Bg5 Re8 25. Rd1 Kc7 26. f3 Re6 27. Kf2 f6 28. Bf4 g5 29. Bg3 Re7 30. Rh1 Kd7 31. b3 Ke6 32. Rh6 Rd7 33. Ke2 d5 34. exd5+ Rxd5 35. Be1 Nf7 36. Rg6 Re5+ 37. Kf2 Rd5 38. Ke2 Re5+ 39. Kd1 Rd5+ 40. Kc1 Ne5 41. Rg8 Rd7 42. Bc3 Kf7 43. Rh8 Ke6 44. a4 Kf5 45. Re8 Rf7 46. Bxe5 fxe5 {[%emt 0:00:00] KR-KR} 47. Kd2 Kf4 48. Ke2 g4 49. fxg4 Rg7 {[%emt 0:00:00] Prevents Rg8.} 50. Kf2 Rd7 51. Rf8+ Ke4 {[%emt 0:00:00] [#]} (51... Kxg4 $11 52. Ke3 Rd4) 52. Kg3 (52. Rf3 $1 $16) 52... Re7 (52... Rg7 $1 $14) 53. g5 $16 Kd4 {[%emt 0:00:00] [#]} 54. g6 (54. Rf3 $1 $16) 54... e4 $2 {[%emt 0:00:02][%mdl 8192] White leaves nothing to chance now.} (54... Re6 $11) 55. Rf7 $18 Re6 56. g7 (56. Rxb7 $2 {loses.} e3 57. Rb4+ Kd5 $19) 56... Rg6+ 57. Kf4 Rxg2 58. Rxb7 {[%emt 0:00:00] Threatens to win with Rd7+.} e3 59. Rd7+ Kc3 60. Kxe3 Kxc2 {[%emt 0:00:05] [#]} 61. Rd2+ $3 {[%emt 0:00:00][%mdl 576] Promotion} Rxd2 62. g8=Q {[%emt 0:00:00] KQ-KR} ({Worse is} 62. g8=R Rd6 63. Rb8 Rd3+ 64. Ke2 c5 $11) 62... Rd3+ 63. Ke4 Rxb3 64. Qc4+ Rc3 65. Qxa6 Kb3 {[%emt 0:00:13] White mates.} 66. a5 Rc5 67. Qb7+ Rb5 68. a6 Kc4 69. Qxc6+ Kb4 70. Qxb5+ {[%emt 0:00:00] Weighted Error Value: White=0.11 (very precise) /Black=0.17 (very precise)} 1-0

[Event "4NCL 2022-2023"]
[Site "Daventry"]
[Date "2023.02.12"]
[Round "6.32"]
[White "Sucikova, Svetlana"]
[Black "Turner, Lewis A"]
[Result "1-0"]
[ECO "E66"]
[WhiteElo "2205"]
[BlackElo "1833"]
[Annotator "TA"]
[PlyCount "45"]
[EventDate "2022.10.20"]
[EventType "team-tourn"]
[EventCountry "ENG"]
[SourceTitle "playchess.com"]
[Source "ChessBase"]
[SourceQuality "1"]
[TimeControl "40/6000+30:2400+30"]

1. Nf3 Nf6 2. g3 g6 3. Bg2 Bg7 4. O-O O-O 5. c4 d6 6. d4 c5 7. Nc3 Nc6 8. d5 Na5 9. Qd3 a6 10. Bf4 {[%emt 0:14:34] E66: King's Indian: Fianchetto: 6...c5 7 0-0 Nc6 8 d5.} b5 {[%emt 0:04:19][%mdl 64] [#] Deflection} 11. cxb5 axb5 12. Qxb5 {[%emt 0:04:02] The position is equal.} Bf5 {[%emt 0:01:36] [#]} 13. Qa4 $146 ({Predecessor:} 13. e3 c4 14. Qb4 h6 15. Rfe1 Qd7 16. Nd4 Rfb8 17. Ncb5 g5 18. Nc6 gxf4 19. exf4 Nxd5 20. Nxb8 Rxb8 21. Qxa5 Qxb5 22. Qxb5 Rxb5 {0-1 Comp Schredder 1.0-Sikula,V (2295) Debrecen Aquitax op 1998 (9)}) 13... Rb8 14. Nd2 ({Stronger than} 14. e4 Nxe4 15. Nh4 (15. Nxe4 Rb4 $17) 15... Nxc3 16. bxc3 Bd3 $17) (14. Nh4 $11 {remains equal.}) 14... Rxb2 {[%emt 0:16:24] aiming for ...Nh5.} 15. Qa3 Rb4 16. e4 Bd7 17. Rfb1 Qb6 18. Qc1 Rb8 19. Bf1 Ng4 20. h3 Ne5 21. Be3 {[%emt 0:00:08] [#] And now Rxb4 would win.} f5 $2 (21... Qd8 $15 {keeps the upper hand.} 22. Nd1 f5) 22. Rxb4 $18 Qxb4 23. Rb1 {[%emt 0:00:37] Repels Qb2.   Weighted Error Value: White=0.19 (very precise) /Black=0.42} 1-0

[Event "4NCL 2022-2023"]
[Site "Daventry"]
[Date "2023.02.12"]
[Round "6.33"]
[White "Fernandez, Daniel Howard"]
[Black "Reimanis, Ritvars"]
[Result "1-0"]
[ECO "D00"]
[WhiteElo "2481"]
[BlackElo "2367"]
[Annotator "TA"]
[PlyCount "171"]
[EventDate "2022.10.20"]
[EventType "team-tourn"]
[EventCountry "ENG"]
[SourceTitle "playchess.com"]
[Source "ChessBase"]
[SourceQuality "1"]
[TimeControl "40/6000+30:2400+30"]

1. d4 Nf6 2. Nc3 d5 3. Bf4 c6 4. e3 g6 5. h3 Bg7 6. Nf3 {[%emt 0:03:54] D00: 1 d4 d5: Unusual lines.} O-O 7. a4 {[%emt 0:03:56] 7.Be2 is setting a new trend.} Re8 {[%emt 0:02:11] [#]} 8. a5 $146 {[%emt 0:00:45] The position is equal.} ({Predecessor:} 8. Be2 Nbd7 9. O-O h6 10. a5 Nh7 11. Bh2 e5 12. dxe5 Nxe5 13. Nxe5 Bxe5 14. Bxe5 Rxe5 {1-0 Harsh,S (2280)-Bifulco,M (2316) Titled Tuesday intern op 13th Sep Early blitz 2022 (2)}) 8... Nfd7 9. Be2 e5 10. Bh2 e4 11. Nd2 Nf8 12. b4 Ne6 (12... Qg5 $5 13. Bg3 Ne6 $11) 13. Nb3 f5 (13... Bf8 $5 ) 14. Nc5 Nd7 (14... Nxc5 $11 {was preferrable.} 15. bxc5 Nd7) 15. Nxe6 $16 Rxe6 16. Na4 b5 17. axb6 $1 axb6 18. c4 Nf6 19. c5 Nd7 (19... b5 $142) 20. cxb6 Nxb6 21. Nc5 {[%emt 0:00:03] Threatens to win with Rxa8.} Rxa1 22. Qxa1 Re8 23. Qa7 {[%emt 0:01:51] White is more active.} Nc4 24. Qc7 ({White should play} 24. O-O $18) 24... Qxc7 $11 25. Bxc7 Bf8 26. Bxc4 dxc4 27. Kd2 Bxc5 28. bxc5 {[%emt 0:00:02][%mdl 4096] Endgame KRB-KRB} Re7 29. Bb6 Be6 30. Ra1 Rf7 31. Kc3 g5 32. Ra8+ Rf8 33. Ra6 Bd5 34. Bc7 Rf7 35. Be5 h5 36. g3 Rf8 37. h4 gxh4 38. gxh4 Rf7 39. Ra8+ Rf8 40. Ra1 Kh7 41. Kc2 Kh6 42. Ra7 {[%emt 0:00:00] aiming for Bg7+.} Rf7 {[%emt 0:00:00] Prevents Bg7+.} 43. Ra8 Rb7 44. Rf8 Bf7 (44... Rf7 $1 $11 45. Rg8 f4) 45. Rh8+ $16 Kg6 46. Bf4 {[%emt 0:00:00] And now Rh6+ would win.} Kg7 47. Be5+ Kg6 48. Rd8 {[%emt 0:00:00] Rd6+ would be deadly.} Bd5 49. Rf8 Bf7 50. d5 Bxd5 51. Rf6+ Kh7 52. Rxf5 Bf7 53. Rg5 Bg6 54. Kc3 Rf7 55. Rg2 (55. Bf4 $16) 55... Rf5 $11 56. Bd4 Bf7 57. Kd2 Kh6 58. Ke1 Rd5 59. Ke2 Rf5 60. Rg1 Bd5 61. Ra1 Kg6 62. Ke1 Rf3 63. Ke2 Rf5 64. Bc3 Rf3 65. Rg1+ Kh6 66. Bg7+ Kh7 67. Rg5 Be6 68. Bd4 (68. Rxh5+ $2 {too greedy.} Kxg7 69. Re5 Bd5 70. Rg5+ Kf6 $19) 68... Rf5 69. Rg7+ Kh6 70. Re7 Bd5 $1 71. Be5 Kg6 72. Bc3 Rf7 73. Re5 Rf5 74. Re8 Rf3 75. Kf1 Rf7 76. Rg8+ Kh6 77. Rg5 Be6 (77... Ra7 $11) 78. Re5 $1 $14 Bd5 {[%emt 0:00:06] [#]} 79. f4 $1 Kg6 $2 {[%emt 0:02:48][%mdl 8192] [#] Loses the game.} (79... exf3 $2 80. e4 Bxe4 81. Rxe4 $18) (79... Rf8 $16) 80. Rg5+ $1 $18 Kh6 81. f5 Ra7 82. Kf2 Ra8 (82... Ra2+ $142 83. Kg3 Ra7) 83. Bg7+ Kh7 84. Be5 (84. Rxh5+ Kxg7 85. Rg5+ Kf6 86. Rg6+ Kxf5 87. Rg5+ Kf6 $19) 84... Kh6 85. Rg6+ Kh7 86. Rg7+ {[%emt 0:00:08] Weighted Error Value: White=0.13 (very precise) /Black=0.10 (very precise)} 1-0

[Event "4NCL 2022-2023"]
[Site "Daventry"]
[Date "2023.02.12"]
[Round "6.34"]
[White "Urkedal, Frode Olav Olsen"]
[Black "Willow, Jonah B"]
[Result "1/2-1/2"]
[ECO "D31"]
[WhiteElo "2543"]
[BlackElo "2437"]
[Annotator "TA"]
[PlyCount "57"]
[EventDate "2022.10.20"]
[EventType "team-tourn"]
[EventCountry "ENG"]
[SourceTitle "playchess.com"]
[Source "ChessBase"]
[SourceQuality "1"]
[TimeControl "40/6000+30:2400+30"]

1. d4 d5 2. c4 e6 3. Nc3 a6 4. cxd5 exd5 5. Bf4 Nf6 6. e3 {[%emt 0:00:25] D31: Queen's Gambit Declined: Semi-Slav without ...Nf6 (+ Marshall Gambit and Noteboom) and Exchange Variation lines without ...Nf6.} c5 {[%emt 0:04:48] [#]} 7. Be2 $146 ({Predecessor:} 7. Nge2 Nc6 8. g3 Bg4 9. Bg2 cxd4 10. exd4 Be7 11. O-O O-O 12. h3 Be6 13. Be3 {0-1 Korobov,A (2662)-Andreikin,D (2729) Titled Tuesday intern op 06th Dec Late blitz 2022 (5)}) 7... cxd4 8. exd4 Bd6 9. Bg5 Be6 10. Bf3 Nbd7 11. Nge2 h6 12. Bf4 Qb8 13. Qd2 Nf8 14. Bxd6 Qxd6 15. Nf4 Ng6 16. Nxg6 fxg6 17. O-O O-O 18. Rae1 g5 19. Re3 Bg4 {[%emt 0:07:59] The position is equal.} 20. Bd1 Bxd1 21. Qxd1 Rae8 22. Rfe1 Rxe3 23. Rxe3 b5 24. f3 Qf4 25. Rd3 g4 26. Ne2 Qd6 27. Ng3 Qf4 28. Ne2 Qd6 29. Ng3 {[%emt 0:01:22] Not much happened in this game.   Weighted Error Value: White=0.04 (flawless) /Black=0.03 (flawless)} 1/2-1/2

[Event "4NCL 2022-2023"]
[Site "Daventry"]
[Date "2023.02.12"]
[Round "6.35"]
[White "Royal, Shreyas"]
[Black "Kilpatrick, Callum"]
[Result "1-0"]
[ECO "B31"]
[WhiteElo "2452"]
[BlackElo "2415"]
[Annotator "TA"]
[PlyCount "81"]
[EventDate "2022.10.20"]
[EventType "team-tourn"]
[EventCountry "ENG"]
[SourceTitle "playchess.com"]
[Source "ChessBase"]
[SourceQuality "1"]
[TimeControl "40/6000+30:2400+30"]

1. e4 c5 2. Nf3 Nc6 3. Bb5 g6 4. O-O Bg7 5. Re1 e5 6. Bxc6 dxc6 7. d3 Qc7 8. Nbd2 {[%emt 0:06:35] B31: Sicilian: 2...Nc6 3 Bb5 g6.} Nf6 9. Nc4 Nd7 10. a4 {[%emt 0:00:05] The position is equal.} Nf8 {[%emt 0:16:27] [#]} 11. Qd2 $146 ({Predecessor:} 11. a5 Ne6 12. Bd2 O-O 13. h3 Bd7 14. Qc1 b5 15. axb6 axb6 16. b4 b5 17. Ne3 {0-1 Schmidt,F (1952)-Barseghyan,A (2313) Berlin Lichtenberger op 18th 2019 (2)}) 11... Bg4 12. Qe3 Bxf3 13. Qxf3 (13. gxf3 Ne6 14. Qe2 O-O $17) 13... Ne6 14. b3 O-O 15. Bb2 Rad8 16. Bc3 Nd4 17. Qd1 b6 18. Qd2 Rfe8 19. Ne3 h5 20. Bxd4 Rxd4 {[%emt 0:02:21] [#]} (20... cxd4 $15 21. Nc4 Rb8) 21. Nd5 Qd7 (21... cxd5 $15 22. c3 dxe4 23. cxd4 exd3 24. dxe5 Bxe5) 22. c3 $14 Rxd5 23. exd5 cxd5 24. Re2 f5 25. Rae1 Rd8 26. Rxe5 Bxe5 27. Rxe5 {[%emt 0:00:07][%mdl 4096] Endgame KQR-KQR} Re8 28. Qe2 Kf7 29. g3 Rxe5 30. Qxe5 $11 {[%emt 0:00:05] KQ-KQ} Qe6 31. Qh8 Qe1+ ({Black should play} 31... c4 $11 32. Qh7+ Kf6 33. Qh8+ Kf7 34. Qh7+ Kf6 35. Qh8+ Kf7) 32. Kg2 $14 {[%emt 0:00:04] Threatens to win with Qh7+.} Qe7 33. h4 (33. Qh7+ $14 Kf6 34. Qg8) 33... Ke6 (33... f4 $11 {keeps the balance.}) 34. Kf3 $16 {[%emt 0:04:42] White is more active.} Qf7 $2 {[%emt 0:00:36][%mdl 8192] [#] This move loses the game for Black.} (34... Qc7 $16) 35. Kf4 $1 $18 Kd6 (35... Qf6 {is a better defense.} 36. Qe8+ Kd6 37. Qb8+ Ke6 38. Qxa7 Qxc3 39. Qxb6+ Kd7 40. Qb5+ (40. Qxg6 Qd2+ 41. Kf3 Qxd3+ 42. Kg2 Qe4+ 43. Kg1 Qe1+ 44. Kg2 Qe4+ 45. Kf1 Qh1+ 46. Ke2 Qe4+ 47. Kd2 Qd4+ 48. Ke2 Qe4+ 49. Kf1 Qh1+ 50. Ke2 Qe4+ $11) 40... Kd6) 36. Qd8+ {[%emt 0:00:55] White is clearly winning.} Ke6 37. Kg5 {[%emt 0:00:56] Wards off Qf6+. aiming for f4.} Qg7 (37... f4 $142 38. Qc8+ (38. gxf4 Qf5+ 39. Kh6 Qxf4+ 40. Qg5 Qxf2 $16) 38... Kd6 39. Qb8+ Ke6 40. Qxf4 (40. gxf4 Qf6+ 41. Kh6 g5+ 42. Kxh5 Qf7+ 43. Kh6 Qf6+ 44. Kh7 Qf7+ 45. Kh6 Qf6+ 46. Kh7 gxh4 $11) 40... Qg7) 38. Qe8+ Kd6 39. Qxg6+ Qxg6+ 40. Kxg6 a5 41. c4 {[%emt 0:40:32] Weighted Error Value: White=0.15 (very precise) /Black=0.34} 1-0

[Event "4NCL 2022-2023"]
[Site "Daventry"]
[Date "2023.02.12"]
[Round "6.36"]
[White "Gallana, Marco"]
[Black "Czopor, Maciej"]
[Result "0-1"]
[ECO "E61"]
[WhiteElo "2257"]
[BlackElo "2412"]
[Annotator "TA"]
[PlyCount "88"]
[EventDate "2022.10.20"]
[EventType "team-tourn"]
[EventCountry "ENG"]
[SourceTitle "playchess.com"]
[Source "ChessBase"]
[SourceQuality "1"]
[TimeControl "40/6000+30:2400+30"]

1. c4 Nf6 2. g3 g6 3. Bg2 Bg7 4. Nc3 O-O 5. d4 d6 6. h3 c5 {[%emt 0:10:43] E61: King's Indian: Early deviations for White, including Smyslov System.} 7. e3 {[%emt 0:00:28] [#]} Qc7 $146 ({Predecessor:} 7... e6 8. dxc5 dxc5 9. Qxd8 Rxd8 10. Nge2 Na6 11. b3 Nb4 12. O-O Rb8 13. Bb2 Bd7 14. Rad1 {½-½ Voveris,G (2423)-Sutovs,A (2327) LAT MT-Pulkis email 2018}) 8. b3 Bd7 {[%emt 0:09:42] White has an edge.} 9. Nge2 Qc8 10. Bb2 Nc6 11. Rc1 (11. d5 $5 Nb4 12. e4 $14) 11... Re8 12. Kf1 h5 13. Kg1 (13. d5 $5 Nb4 14. e4 $14) 13... h4 14. g4 cxd4 15. exd4 Qb8 16. Qd2 a6 17. Nd1 e6 {[%emt 0:10:49] [#]} 18. Ne3 (18. d5 $1 $16 exd5 19. cxd5) 18... d5 $1 $11 19. g5 {[%emt 0:02:45][%mdl 64] Deflection} Nh5 20. Ng4 (20. Bf3 $1 $14) 20... e5 (20... a5 $15 {keeps the upper hand.}) 21. cxd5 $16 (21. Bxd5 $6 exd4 22. Rd1 (22. Nxd4 Qf4 $19) 22... Be6 23. Bxc6 (23. Bxd4 $2 Bxd5 24. cxd5 Rxe2 $19 {[%mdl 64] Remove Defender}) 23... bxc6 24. Bxd4 Rd8 $11) 21... Nxd4 22. Nxd4 exd4 23. Bxd4 Bxd4 24. Qxd4 Bxg4 25. hxg4 {[%emt 0:00:21][%mdl 64] [#] Discovered Attack} Nf4 {[%emt 0:00:01] ...Ne2+ would be deadly.} 26. Bf3 {[%emt 0:00:21] Threatens to win with d6.} (26. Rxh4 $2 Ne2+ 27. Kh1 Nxd4 $19) 26... Qe5 {[%emt 0:03:48] Prevents d6.} 27. Qxe5 ({White should try} 27. Rc4 Qxd4 28. Rxd4 Ne2+ 29. Bxe2 Rxe2 30. Rxh4) 27... Rxe5 28. Rd1 Rd8 29. Rxh4 (29. Kh2 {seems wilder.} f6 30. gxf6 Kf7 31. d6) 29... Rxg5 30. Kh2 Kg7 31. Rd4 Ne6 32. Rc4 (32. dxe6 Rxd4 33. exf7 Rf4 $17) (32. Rb4 $16 Nc7 33. Kg3 (33. Rxb7 Nxd5 34. Be2 Nf6 $16)) 32... b5 $11 33. Rc1 Nf4 34. Rc6 Nxd5 35. Rxa6 Nb4 36. Ra7 Rd2 37. Kg3 Rxa2 38. Rc7 Nd3 39. Rh2 (39. Rh1 $11 {keeps the balance.}) 39... Rc5 40. Rd7 {[%emt 0:00:41] White does not recover from this.} (40. Rxc5 $15 Nxc5 41. b4) 40... Rc3 $19 41. Rd4 $2 (41. Re7) 41... Ne1 {[%emt 0:00:00] Black is clearly winning.} ({Less strong is} 41... Rxb3 42. Bd5 Rab2 43. Bxb3 Rxb3 44. Rh1 $14) 42. Rf4 Rb2 43. Rh1 {[%emt 0:01:27] Prevents Rbxb3.} Nd3 44. Rd4 Ne5 {[%emt 0:00:00] Weighted Error Value: White=0.43/Black=0.14 (very precise)} (44... Rbxb3 $2 {loses.} 45. Be4 $19) ({Inferior is} 44... Nxf2 45. Rh2 $17) 0-1

[Event "4NCL 2022-2023"]
[Site "Daventry"]
[Date "2023.02.12"]
[Round "6.37"]
[White "Derakhshani, Borna"]
[Black "Pein, Jonathan"]
[Result "0-1"]
[ECO "C11"]
[WhiteElo "2380"]
[BlackElo "2256"]
[Annotator "TA"]
[PlyCount "35"]
[EventDate "2022.10.20"]
[EventType "team-tourn"]
[EventCountry "ENG"]
[SourceTitle "playchess.com"]
[Source "ChessBase"]
[SourceQuality "1"]
[TimeControl "40/6000+30:2400+30"]

1. e4 e6 2. d4 d5 3. Nc3 Nf6 4. e5 Nfd7 5. f4 c5 6. Nf3 Nc6 7. Ne2 Be7 8. c3 O-O 9. Be3 {[%emt 0:01:13] 9.h4 is the modern continuation. C11: French: Classical System: 4 e5 and 4 Bg5 dxe4.} Qb6 10. Qd2 f6 {[%emt 0:01:44] [#]} 11. exf6 $146 ({Predecessor:} 11. g3 Kh8 12. Bg2 cxd4 13. cxd4 Bb4 14. Nc3 Qa6 15. Kf2 fxe5 16. fxe5 Ndxe5 17. dxe5 Nxe5 {½-½ Fedoseev,V (2667)-Morozevich,A (2676) Moscow Nutcracker rapid 2016 (8.1)}) 11... Nxf6 12. dxc5 Bxc5 13. Bxc5 Qxc5 14. Ng3 Ng4 {[%emt 0:16:25][%cal Of8f4] And now ...Rxf4! would win.} 15. h3 {[%emt 0:07:09] [#]} Qe3+ (15... Ne3 $1 $17 16. b4 Nxf1 17. Rxf1 Qc4) 16. Qe2 $11 {[%emt 0:00:06] The position is equal.} Qxe2+ ({Don't take} 16... Qxf4 17. Nh5 Qd6 18. hxg4 $16) 17. Kxe2 Nf6 18. Rd1 {[%emt 0:10:46][%mdl 32768] Weighted Error Value: White=0.07 (flawless) /Black=0.10 (very precise) . Loss on time!?} 0-1